 Dungeon Crawl Stone Soup version 0.21.0-3-g78d12a8 (webtiles) character file.

291760 Faca the Crack Shot (level 19, -16/136 HPs)
             Began as a Centaur Hunter on Jan 9, 2018.
             Was the Champion of Okawaru.
             Killed from afar by Boris (50 damage)
             ... with a bolt of cold
             ... on level 3 of the Vaults on Jan 10, 2018.
             The game lasted 02:07:38 (55751 turns).

Faca the Crack Shot (Centaur Hunter)               Turns: 55751, Time: 02:07:39

Health: -16/136    AC: 51    Str: 16    XL:     19   Next: 97%
Magic:  0/19       EV: 11    Int: 10    God:    Okawaru [******]
Gold:   2371       SH:  0    Dex: 19    Spells: 18/18 levels left

rFire    + + +     SeeInvis .   w - +2 trident (protect)
rCold    . . .     Gourm    .   (no shield)
rNeg     + . .     Faith    .   h - +6 chain mail of Dihiodan {rPois rF+ rC- Dex+2}
rPois    +         Spirit   +   R - +2 hat {MR+}
rElec    +         Reflect  .   b - scarf {rC+ rF+}
rCorr    .         Harm     .   x - +2 pair of gloves
MR       ++...                  S - +10 Black Knight's horse barding {ponderous, rPois rN+}
Stlth    ..........             t - amulet "Gaen" {Spirit rElec rPois rF+ Slay+6 Stlth-}
HPRegen  0.32/turn              N - +4 ring of slaying
MPRegen  0.16/turn              K - +4 ring of protection

@: protection aura, quick
A: large, hooves 3, deformed body, speed 2, tough skin 3
}: 2/15 runes: decaying, serpentine
a: Heroism, Finesse, Renounce Religion


You were on level 3 of the Vaults.
You worshipped Okawaru.
Okawaru was exalted by your worship.
You were not hungry.

You visited 7 branches of the dungeon, and saw 35 of its levels.
You also visited: Labyrinth.

You collected 2703 gold pieces.
You spent 332 gold pieces at shops.

Inventory:

Hand Weapons
 v - a +9 longbow of freezing
 w - a +2 trident of protection (weapon)
 A - the +8 storm bow {elec}
   (Okawaru gifted it to you on level 2 of the Swamp)

   It charges the ammunition it shoots with electricity; occasionally upon a
   hit, such missiles may discharge and cause terrible harm.
 E - the +3 shortbow "Ligaom" {venom, Dex+4}
   (Okawaru gifted it to you on level 4 of the Lair of Beasts)

   It poisons the ammo it fires.
   It affects your dexterity (+4).
Missiles
 d - 1101 arrows
Armour
 b - a scarf of resistance (worn)
 h - the +6 chain mail of Dihiodan (worn) {rPois rF+ rC- Dex+2}
   (You found it on level 1 of the Swamp)

   It affects your dexterity (+2).
   It protects you from fire.
   It makes you vulnerable to cold.
   It protects you from poison.
 i - a +2 centaur barding of fire resistance
 x - a +2 pair of gloves (worn)
 J - the +1 centaur barding "Gineagiy" {rElec Int-3 Slay+3}
   (Okawaru gifted it to you on level 14 of the Dungeon)

   It affects your intelligence (-3).
   It affects your accuracy and damage with ranged weapons and melee attacks
   (+3).
   It insulates you from electricity.
 R - a +2 hat of magic resistance (worn)
 S - the +10 Black Knight's horse barding (worn) {ponderous, rPois rN+}
   (Okawaru gifted it to you on level 1 of the Snake Pit)

   It protects you from poison.
   It protects you from negative energy.
Jewellery
 o - an uncursed ring of protection from fire
 t - the amulet "Gaen" (around neck) {Spirit rElec rPois rF+ Slay+6 Stlth-}
   (You bought it in a shop on level 6 of the Dungeon)

   [amulet of guardian spirit]

   It causes incoming damage to be split between your health and magic.
   It affects your accuracy and damage with ranged weapons and melee attacks
   (+6).
   It protects you from fire.
   It insulates you from electricity.
   It protects you from poison.
   It makes you less stealthy.
 K - a +4 ring of protection (right hand)
 N - a +4 ring of slaying (left hand)
Wands
 H - a wand of disintegration (44)
 I - a wand of digging (28)
Scrolls
 c - 8 scrolls of teleportation
 n - 11 scrolls of remove curse
 p - a scroll of silence
 r - 7 scrolls of magic mapping
 u - 5 scrolls of fear
 y - 5 scrolls of fog
 L - 2 scrolls of enchant weapon
 M - a scroll of identify
 O - a scroll of brand weapon
 Q - a scroll of summoning
Potions
 e - 3 potions of resistance
 g - 4 potions of haste
 j - 3 potions of agility
 k - 3 potions of lignification
 l - 12 potions of curing
 m - 5 potions of might
 q - 7 potions of flight
 s - a potion of heal wounds
 z - 3 potions of ambrosia
 B - 3 potions of magic
 C - 5 potions of brilliance
 D - 3 potions of invisibility
 F - a potion of berserk rage
 G - 3 potions of mutation
Comestibles
 f - 19 rations


   Skills:
 - Level 4.5 Fighting
 - Level 15.1 Polearms
 + Level 22.5 Bows
 + Level 14.4 Armour
 + Level 14.8 Dodging
 - Level 0.4 Stealth


You had 18 spell levels left.
You didn't know any spells.

Dungeon Overview and Level Annotations

Branches:
Dungeon (15/15)            Temple (1/1) D:5            Lair (6/6) D:9
  Swamp (4/4) Lair:3        Snake (4/4) Lair:2        Slime (0/5) Lair:5
    Orc (2/2) D:11            Elf (0/3) Orc:2        Vaults (3/5) D:14
  Crypt (0/3) Vaults:3     Depths (0/5) D:15

Altars:
Ashenzari
Cheibriados
Dithmenos
Elyvilon
Fedhas
Gozag
Hepliaklqana
Kikubaaqudgha
Makhleb
Nemelex Xobeh
Okawaru
Qazlal
Ru
Sif Muna
Trog
Uskayaw
Vehumet
Wu Jian
Xom
Yredelemnul
Zin
The Shining One
Beogh

Shops:
D:4 :   D:6 *   D:12 (   Orc:2 *:([   Snake:1 (

Portals:
Hell: Lair:6
Trove: D:15 (show slimy rune of Zot)

Annotations:
Lair:4 exclusion: oklob plant
Vaults:3 Boris


Innate Abilities, Weirdness & Mutations

You have hooves in place of feet.
Armour fits poorly on your strangely shaped body.
You cover ground very quickly.
You have extremely tough skin. (AC +3)


Message History

You kick something. Something hits you but does no damage.
Something touches you but does no damage.
You puncture something! Something hits you but does no damage.
Something touches you but does no damage.
You closely miss something. You puncture something!
Something hits you but does no damage.
Something touches you but does no damage.
You hit something but do no damage. You kick something.
You hit something but do no damage. Your kick misses something.
You hear some strange, mumbled words.
A bolt of cold appears from out of thin air!
The bolt of cold hits you!
* * * LOW HITPOINT WARNING * * *
Something hits you but does no damage.
Something touches you but does no damage.
You see here 2 arrows.
You hear some strange, mumbled words.
A bolt of cold appears from out of thin air!
The bolt of cold hits you!
You die...

* *,,*,,* * * *,***,*###########
* * *,,*,,*#.........# * *
#,***,*#.........# * *
#.,*,,*#....)....# * *
#.###,*#.([[<....# # *
#....,*#..[......# ### *
#....,*#.(.......### #.{
*******####''###@#########.## #.#
,,,,,,,#......(((....# ##...###.#
,,,,,,,#.......(.....###.....#.##
,,,,,,,#.....<.(.....##.#.....###
.......#.......(.....'.###...## #
.......#.............#.# ##.##
.......'.............#.# ###
.......#.............###
.......############### #


There were no monsters in sight!

Vanquished Creatures
  Boris (Vaults:2)
  The ghost of THUG4L1F3 the Executioner, an adept MiBe of Trog (Swamp:4)
  Kirke (D:13)
  Frances (Snake:1)
  3 thorn hunters
  A fire giant (Vaults:3)
  Donald (Snake:1)
  7 nagarajas
  5 vault wardens
  Aizul (Snake:1)
  An orc warlord (Orc:2)
  A ghoul (Vaults:2)
  5 ironheart preservers
  A war gargoyle (Vaults:2)
  2 entropy weavers
  A stone giant (Vaults:3)
  A deep elf annihilator (Vaults:1)
  A crystal guardian (Vaults:2)
  Snorg (D:13)
  7 fire dragons
  A minotaur (Lab)
  3 yaktaur captains
  Josephine (Orc:1)
  2 great orbs of eyes (Vaults:2)
  The ghost of ringo67 the Cleaver, a journeyman DDFi of Makhleb (D:9)
  A rakshasa (Vaults:2)
  3 vault guards (Vaults:2)
  Erolcha (D:13)
  An ice dragon (Vaults:2)
  14 naga warriors
  19 hydras
  A ghost crab (Swamp:4)
  A catoblepas (Lair:4)
  6 centaur warriors
  21 anacondas
  4 death knights
  19 two-headed ogres
  10 alligators
  6 death yaks (Lair:4)
  An anaconda (shapeshifter) (D:15)
  6 ogre magi
  2 tengu warriors (D:14)
  5 orc high priests (Orc:2)
  19 naga sharpshooters
  6 shock serpents
  6 spriggans
  6 deep elf knights
  A sixfirhy (Lair:6)
  Nergalle (Lair:1)
  A storm dragon skeleton (Vaults:3)
  7 salamander mystics
  7 skeletal warriors
  A fire crab (Swamp:4)
  3 unseen horrors
  2 spriggan druids
  4 naga ritualists
  6 swamp dragons
  2 flayed ghosts (Vaults:3)
  A glowing orange brain (Vaults:2)
  5 wizards
  3 shambling mangroves
  5 lindwurms
  3 phantasmal warriors
  3 deep elf archers
  5 ironbrand convokers
  Pikel (D:7)
  A harpy (shapeshifter) (Vaults:3)
  5 harpies (Vaults:2)
  The ghost of Aphrodieselac the Cleaver, a novice HOFi (D:7)
  9 orc knights
  10 deep elf magi
  17 mana vipers
  2 wolf spiders
  A necromancer (D:15)
  2 manticores
  4 elephants
  24 ugly things
  A wolf spider zombie (D:13)
  7 orc sorcerers
  3 cyclopes
  12 salamanders
  31 black mambas
  3 centaur zombies
  10 guardian serpents
  A smoke demon (Lair:6)
  9 vault sentinels
  A torpor snail (Lair:4)
  21 spiny frogs
  A gargoyle (D:12)
  32 naga magi
  2 orange demons (Lair:6)
  A human zombie (Vaults:3)
  A kobold demonologist (D:13)
  An efreet (D:13)
  3 rime drakes
  2 tengu conjurers (D:15)
  4 freezing wraiths
  7 yaktaurs
  An ice devil (Lair:6)
  11 komodo dragons
  A minotaur zombie (Lab)
  7 trolls
  2 red devils (Lair:6)
  A meliai (D:15)
  A meliai (shapeshifter) (Vaults:2)
  3 polar bears
  A harpy skeleton (D:14)
  20 hornets
  7 tyrant leeches
  Prince Ribbit (D:7)
  A wind drake (shapeshifter) (D:14)
  44 slime creatures
  2 blink frogs (Lair:3)
  2 bog bodies
  10 dream sheep
  9 hippogriffs
  A shadow (Swamp:3)
  A vampire (D:10)
  3 redbacks
  2 tarantellas (Vaults:2)
  2 centaur simulacra (D:15)
  50 yaks
  4 wyverns
  A hog (shapeshifter) (Vaults:1)
  5 wraiths
  7 basilisks
  3 hogs (D:13)
  24 vampire mosquitoes
  A hungry ghost (D:14)
  3 steam dragons (Swamp:4)
  6 insubstantial wisps (Swamp:2)
  11 swamp worms
  37 nagas
  5 wargs
  2 acid dragons (Vaults:1)
  5 hell hounds (Lair:6)
  A water moccasin (shapeshifter) (Vaults:3)
  7 porcupines
  11 water moccasins
  30 orc warriors
  3 slaves (D:7)
  9 swamp drakes
  4 black bears
  A phantom (D:9)
  A sky beast (D:10)
  A hornet zombie (D:9)
  27 ogres
  A necrophage (D:8)
  4 ice beasts
  A boggart (D:14)
  14 wolves
  15 centaurs
  19 crocodiles
  7 big kobolds
  11 bullfrogs
  A water moccasin zombie (D:8)
  6 scorpions
  A water moccasin skeleton (D:7)
  An elf simulacrum (Vaults:1)
  14 killer bees
  7 wights
  3 howler monkeys (D:12)
  3 electric eels (Lair:5)
  3 crimson imps
  3 bullfrog zombies
  A quasit (D:8)
  A gnoll shaman (D:5)
  10 hounds
  40 orc wizards
  13 orc priests
  10 centaur skeletons
  19 jellies
  A bullfrog skeleton (D:5)
  8 iguanas
  11 worker ants
  4 worker ant zombies
  6 adders
  11 gnolls
  5 shadow imps
  8 oozes
  An adder skeleton (D:5)
  5 worms
  A dart slug (D:3)
  5 leopard geckos
  86 orcs
  3 ball pythons
  7 giant cockroaches
  6 goblins
  10 hobgoblins
  12 jackals
  17 kobolds
  9 quokkas
  5 bats
  6 frilled lizards
  A jackal skeleton (D:7)
  A leopard gecko zombie (D:5)
  A quokka zombie (D:7)
  4 rats
1333 creatures vanquished.

Vanquished Creatures (others)
  A swamp dragon (Swamp:4)
  A lindwurm (Swamp:4)
  A hornet (Swamp:3)
  3 steam dragons (Swamp:4)
  4 swamp drakes (Swamp:4)
  An orc wizard (Orc:2)
  11 fungi
  6 plants
28 creatures vanquished.

Grand Total: 1361 creatures vanquished

Notes
Turn   | Place    | Note
-------+----------+-------------------------------------------
     0 | D:1      | Faca the Centaur Hunter began the quest for the Orb.
     0 | D:1      | Reached XP level 1. HP: 17/17 MP: 1/1
   268 | D:1      | Reached XP level 2. HP: 20/24 MP: 2/2
   870 | D:1      | You fall through a shaft!
   911 | D:2      | Reached skill level 6 in Bows
   911 | D:2      | Reached XP level 3. HP: 29/30 MP: 3/3
  1924 | D:2      | Reached XP level 4. HP: 37/37 MP: 4/4
  1963 | D:2      | Reached skill level 1 in Polearms
  2759 | D:3      | Found a hide-covered altar of Uskayaw.
  2761 | D:3      | Noticed a hand axe
  2761 | D:3      | Noticed a dagger
  2806 | D:3      | Found a basalt altar of Yredelemnul.
  3128 | D:4      | Reached XP level 5. HP: 25/45 MP: 5/5
  3392 | D:4      | Found Ohovas's Book Boutique.
  3397 | D:4      | Reached skill level 7 in Bows
  4015 | D:4      | Noticed an ogre
  5136 | D:4      | Reached XP level 6. HP: 41/51 MP: 6/6
  5438 | D:4      | HP: 1/51 [ogre/giant club (18)]
  5741 | D:5      | Entered Level 5 of the Dungeon
  5783 | D:5      | Reached skill level 8 in Bows
  5820 | D:5      | Reached XP level 7. HP: 40/58 MP: 7/7
  6178 | D:5      | Found a staircase to the Ecumenical Temple.
  6206 | Temple   | Entered the Ecumenical Temple
  6319 | Temple   | Became a worshipper of Warmaster Okawaru
  6662 | D:4      | Reached skill level 9 in Bows
  7046 | D:6      | Found an opulent altar of Gozag.
  7047 | D:6      | Found an ornate altar of the Wu Jian Council.
  7049 | D:6      | Found a burning altar of Makhleb.
  7249 | D:6      | Reached XP level 8. HP: 67/67 MP: 8/8
  7268 | D:6      | Found Nigudell's Assorted Antiques.
  7278 | D:6      | Bought a steaming ruby amulet for 145 gold pieces
  7278 | D:6      | Identified the amulet "Gaen" {Spirit rElec rPois rF+ Slay+6 Stlth-} (You bought it in a shop on level 6 of the Dungeon)
  7609 | D:7      | Noticed Aphrodieselac's ghost (novice HOFi)
  8151 | D:7      | Killed Aphrodieselac's ghost
  8151 | D:7      | Reached * piety under Okawaru
  8151 | D:7      | Reached skill level 10 in Bows
  8151 | D:7      | Reached skill level 1 in Armour
  8483 | D:7      | Reached skill level 11 in Bows
  8483 | D:7      | Reached XP level 9. HP: 67/72 MP: 7/9
  8538 | D:7      | Noticed Prince Ribbit
  8541 | D:7      | Found a sparkling altar of Nemelex Xobeh.
  8561 | D:7      | Killed Prince Ribbit
  8561 | D:7      | Reached ** piety under Okawaru
  8803 | D:7      | Found a sparkling altar of Nemelex Xobeh.
  8941 | D:7      | Noticed Pikel
  8955 | D:7      | Killed Pikel
  8955 | D:7      | Reached skill level 5 in Polearms
  9185 | D:8      | Found a hazy altar of Hepliaklqana.
  9186 | D:8      | Found a shattered altar of Ashenzari.
  9200 | D:8      | Reached skill level 12 in Bows
  9232 | D:8      | Reached *** piety under Okawaru
  9468 | D:8      | Found a radiant altar of Vehumet.
  9501 | D:8      | Reached skill level 5 in Dodging
  9802 | D:8      | Reached XP level 10. HP: 68/80 MP: 8/10
 10364 | D:9      | Reached **** piety under Okawaru
 10367 | D:9      | Reached skill level 13 in Bows
 10662 | D:9      | Received a gift from Okawaru
 11095 | D:9      | Found a staircase to the Lair.
 11275 | D:9      | Received a gift from Okawaru
 11286 | D:9      | Reached skill level 14 in Bows
 11451 | D:9      | Noticed ringo67's ghost (journeyman DDFi)
 12087 | D:9      | Reached XP level 11. HP: 84/85 MP: 11/11
 12402 | D:10     | Entered Level 10 of the Dungeon
 12635 | D:10     | Noticed a two-headed ogre
 12858 | D:10     | Killed a two-headed ogre
 12858 | D:10     | Reached ***** piety under Okawaru
 12858 | D:10     | Reached skill level 5 in Armour
 14101 | D:11     | Found a staircase to the Orcish Mines.
 14205 | D:11     | Received a gift from Okawaru
 14207 | D:11     | Found a roughly hewn altar of Beogh.
 14842 | D:11     | Noticed a purple ugly thing
 14856 | D:11     | Killed a purple ugly thing
 15587 | D:12     | Noticed a white ugly thing
 15598 | D:12     | Killed a white ugly thing
 16034 | D:12     | Found Vuisorat's Antique Weapon Shoppe.
 16160 | Lair:1   | Entered Level 1 of the Lair of Beasts
 16366 | Lair:1   | Noticed Nergalle
 16400 | Lair:1   | Killed Nergalle
 17769 | Lair:2   | Reached XP level 12. HP: 84/92 MP: 12/12
 17905 | Lair:2   | Found a staircase to the Snake Pit.
 18493 | Lair:2   | Noticed a four-headed hydra
 18504 | Lair:2   | Received a gift from Okawaru
 18512 | Lair:2   | Killed a four-headed hydra
 19408 | Lair:3   | Received a gift from Okawaru
 19764 | Lair:3   | Found a staircase to the Swamp.
 19804 | Lair:3   | Received a gift from Okawaru
 20620 | Lair:4   | Noticed a death yak
 20621 | Lair:4   | Noticed a death yak
 20622 | Lair:4   | Noticed a death yak
 20645 | Lair:4   | Noticed a death yak
 20646 | Lair:4   | Noticed a death yak
 20646 | Lair:4   | Killed a death yak
 20647 | Lair:4   | Noticed a death yak
 20657 | Lair:4   | Killed a death yak
 20667 | Lair:4   | Killed a death yak
 20929 | Lair:4   | Found a labyrinth entrance.
 20940 | Lab      | Entered a labyrinth
 21067 | Lab      | Noticed a minotaur
 21074 | Lab      | Killed a minotaur
 21074 | Lab      | Reached skill level 10 in Polearms
 21360 | Lair:4   | Noticed a catoblepas
 21766 | Lair:4   | Noticed a seven-headed hydra
 21774 | Lair:4   | Killed a seven-headed hydra
 21774 | Lair:4   | Received a gift from Okawaru
 21775 | Lair:4   | Got a pitted shortbow {god gift}
 21789 | Lair:4   | Identified the +3 shortbow "Ligaom" {venom, Dex+4} (Okawaru gifted it to you on level 4 of the Lair of Beasts)
 21914 | Lair:4   | Noticed a four-headed hydra
 21929 | Lair:4   | Killed a four-headed hydra
 22096 | Lair:4   | Killed a death yak
 22096 | Lair:4   | Reached ****** piety under Okawaru
 22096 | Lair:4   | Reached XP level 13. HP: 99/99 MP: 13/13
 23954 | Lair:5   | Received a gift from Okawaru
 24161 | Lair:5   | Found a staircase to the Slime Pits.
 24544 | Lair:6   | Entered Level 6 of the Lair of Beasts
 26029 | Lair:5   | Received a gift from Okawaru
 26030 | Lair:5   | Got a sapphire-encrusted ring mail {god gift}
 26062 | Lair:5   | Identified the +0 ring mail of the Thirteen Stars {+Fly rF+ MP+9} (Okawaru gifted it to you on level 5 of the Lair of Beasts)
 26273 | Lair:5   | Reached skill level 15 in Bows
 27251 | Lair:6   | Reached skill level 10 in Dodging
 27389 | Lair:6   | Reached XP level 14. HP: 96/105 MP: 14/14
 27832 | Lair:6   | Found a burning altar of Makhleb.
 28070 | Lair:6   | Found a gateway to Hell.
 28085 | Lair:6   | Got a crude ruby amulet
 28648 | Orc:1    | Entered Level 1 of the Orcish Mines
 28897 | Orc:1    | Noticed Josephine
 28908 | Orc:1    | Killed Josephine
 29056 | Orc:1    | Found a bloodstained altar of Trog.
 29099 | Orc:2    | Entered Level 2 of the Orcish Mines
 29099 | Orc:2    | Found a radiant altar of Vehumet.
 29693 | Orc:2    | Found Bykiesav's General Store.
 29732 | Orc:2    | Received a gift from Okawaru
 30113 | Orc:2    | Received a gift from Okawaru
 30376 | Orc:2    | Reached skill level 16 in Bows
 30642 | Orc:2    | Found Makuipha's Book Shoppe.
 30758 | Orc:2    | Noticed an orc warlord
 30792 | Orc:2    | Killed an orc warlord
 30825 | Orc:2    | Found Bixtotep's Antique Weapon Emporium.
 30862 | Orc:2    | Found a staircase to the Elven Halls.
 30958 | Orc:2    | Found Xiocvaot's Antique Armour Emporium.
 31102 | Orc:2    | Bought a shiny helmet for 187 gold pieces
 31160 | Orc:2    | Reached skill level 10 in Armour
 31338 | Orc:2    | Found a burning altar of Makhleb.
 31781 | D:13     | Noticed Snorg
 31794 | D:13     | Killed Snorg
 32394 | D:13     | Noticed Erolcha
 32406 | D:13     | Killed Erolcha
 32884 | D:13     | Noticed Kirke
 32904 | D:13     | Killed Kirke
 32957 | D:14     | Identified the amulet of Kafiehun {Harm *Drain rF+ Dex+4} (You found it on level 6 of the Lair of Beasts)
 33237 | D:14     | Reached XP level 15. HP: 105/111 MP: 15/15
 33246 | D:14     | Got a smoking chain mail
 33257 | D:14     | Identified the +6 chain mail "Jaigg" {+Fly Int+5} (You found it on level 14 of the Dungeon)
 33851 | D:14     | Received a gift from Okawaru
 34013 | D:14     | Found a gate to the Vaults.
 34176 | D:14     | Received a gift from Okawaru
 34177 | D:14     | Got a distressingly furry centaur barding {god gift}
 34190 | D:14     | Identified the +1 centaur barding "Gineagiy" {rElec Int-3 Slay+3} (Okawaru gifted it to you on level 14 of the Dungeon)
 34546 | D:15     | Entered Level 15 of the Dungeon
 34641 | D:15     | Reached skill level 17 in Bows
 36046 | D:15     | Found a portal to a secret trove of treasure.
 36538 | D:15     | Received a gift from Okawaru
 36822 | D:15     | Received a gift from Okawaru
 37150 | D:15     | Received a gift from Okawaru
 37351 | D:15     | Found a staircase to the Depths.
 37570 | D:9      | Killed ringo67's ghost
 37618 | Snake:1  | Entered Level 1 of the Snake Pit
 37634 | Snake:1  | Noticed Donald
 37654 | Snake:1  | Killed Donald
 37654 | Snake:1  | Received a gift from Okawaru
 37655 | Snake:1  | Found the +10 Black Knight's horse barding {ponderous, rPois rN+}
 37950 | Snake:1  | Found Rubisus's Weapon Emporium.
 38042 | Snake:1  | Found an opulent altar of Gozag.
 38055 | Snake:1  | Noticed Frances
 38086 | Snake:1  | HP: 2/111 [Frances/iron shot (23)]
 38650 | Snake:1  | Killed Frances
 38650 | Snake:1  | Reached XP level 16. HP: 81/118 MP: 11/16
 39377 | Snake:1  | Noticed Aizul
 39394 | Snake:1  | Killed Aizul
 39523 | Snake:1  | Reached skill level 18 in Bows
 40890 | Snake:2  | Got an ancient trident
 40908 | Snake:2  | Identified the +6 trident of Peril {elec, *Noise Str+2 Stlth+} (You found it on level 2 of the Snake Pit)
 41674 | Snake:3  | Received a gift from Okawaru
 41804 | Snake:3  | Received a gift from Okawaru
 42511 | Snake:4  | Entered Level 4 of the Snake Pit
 42695 | Snake:4  | Received a gift from Okawaru
 42942 | Snake:4  | Reached XP level 17. HP: 107/124 MP: 14/17
 43108 | Snake:4  | Reached skill level 19 in Bows
 43707 | Snake:4  | Received a gift from Okawaru
 44089 | Snake:4  | Received a gift from Okawaru
 45025 | Snake:4  | Reached skill level 15 in Polearms
 45074 | Snake:4  | Got a serpentine rune of Zot
 45345 | Swamp:1  | Entered Level 1 of the Swamp
 45421 | Swamp:1  | Got a dazzling chain mail
 45432 | Swamp:1  | Identified the +6 chain mail of Dihiodan {rPois rF+ rC- Dex+2} (You found it on level 1 of the Swamp)
 45897 | Swamp:2  | Reached skill level 20 in Bows
 46059 | Swamp:2  | Received a gift from Okawaru
 46060 | Swamp:2  | Found the +8 storm bow {elec}
 46204 | Swamp:2  | Reached XP level 18. HP: 118/130 MP: 14/18
 46415 | Swamp:2  | Found a glowing golden altar of the Shining One.
 47363 | Swamp:3  | Received a gift from Okawaru
 48246 | Swamp:4  | Entered Level 4 of the Swamp
 48246 | Swamp:4  | Noticed THUG4L1F3's ghost (adept MiBe)
 48310 | Swamp:4  | Killed THUG4L1F3's ghost
 49254 | Swamp:4  | Got a decaying rune of Zot
 49817 | Vaults:1 | Entered Level 1 of the Vaults
 49882 | Vaults:1 | Reached skill level 21 in Bows
 49930 | Vaults:1 | Received a gift from Okawaru
 50815 | Vaults:1 | Reached XP level 19. HP: 130/136 MP: 17/19
 52049 | Vaults:2 | Noticed Boris
 52049 | Vaults:2 | Received a gift from Okawaru
 52064 | Vaults:2 | Killed Boris
 52506 | Vaults:2 | Received a gift from Okawaru
 52979 | Vaults:2 | Received a gift from Okawaru
 52993 | Vaults:2 | Reached skill level 22 in Bows
 53011 | Vaults:2 | Got a bloodstained centaur barding {god gift}
 53143 | Vaults:2 | Identified the +1 centaur barding of Twilight {Regen+ Int-5 Stlth+} (Okawaru gifted it to you on level 2 of the Vaults)
 55066 | Vaults:3 | Received a gift from Okawaru
 55127 | Vaults:3 | Noticed Boris
 55615 | Vaults:3 | Received a gift from Okawaru
 55751 | Vaults:3 | Killed from afar by Boris

Skill      XL: |  1  2  3  4  5  6  7  8  9 10 11 12 13 14 15 16 17 18 19 |
---------------+----------------------------------------------------------+-----
Bows           | 6 7 8 9 11 12 14 15 16 17 18 20 21 22 | 22.5
Polearms       | 1 2 3 4 5 6 8 10 11 12 13 14 15 | 15.1
Dodging        | 2 3 4 5 6 7 9 10 11 12 13 14 | 14.8
Fighting       | 3 4 |  4.5
Armour         | 2 3 4 6 8 9 10 11 12 13 14 | 14.4
Stealth        | |  0.4

Action                   |  1- 3 |  4- 6 |  7- 9 | 10-12 | 13-15 | 16-18 | 19-21 || total
-------------------------+-------+-------+-------+-------+-------+-------+-------++-------
Melee: Spear             |   128 |    50 |       |       |       |       |       ||   178
       Kick              |    15 |    51 |    88 |   266 |   509 |    74 |     9 ||  1012
       Trident           |       |   255 |   383 |   964 |  1686 |   306 |    28 ||  3622
       Longbow           |       |       |       |       |     1 |       |       ||     1
 Fire: Shortbow          |       |       |       |    35 |    23 |       |       ||    58
       Longbow           |       |       |       |       |    34 |  1308 |   588 ||  1930
Evoke: Wand              |       |       |       |       |       |       |     1 ||     1
  Use: Scroll            |     6 |     4 |     8 |    11 |    18 |     8 |     7 ||    62
       Potion            |       |       |       |     2 |     1 |       |     1 ||     4
 Stab: Petrified         |       |       |       |       |     3 |       |       ||     3
  Eat: Chunk             |     2 |     1 |       |     3 |     5 |     1 |     2 ||    14
       Ration            |       |     3 |     4 |     9 |    12 |    10 |     3 ||    41
Armor: Scale mail        |    54 |    36 |       |       |       |       |       ||    90
       Chain mail        |       |   138 |   297 |   674 |   574 |   540 |   192 ||  2415
       Ring mail         |       |       |       |       |   350 |       |       ||   350
       Crystal plate arm |       |       |       |       |     8 |       |       ||     8
Dodge: Dodged            |    32 |    63 |   105 |   236 |   583 |   223 |   116 ||  1358
